 Dungeon Crawl Stone Soup version 0.17.0-24-gcfadda4 (webtiles) character file.

247 M4edhros the Poker (level 6, -2/43 HPs)
             Began as an Octopode Chaos Knight on Nov 15, 2015.
             Slain by an ogre
             ... wielding a +0 giant club
              (26 damage)
             ... on level 4 of the Dungeon.
             The game lasted 00:04:06 (2736 turns).

M4edhros the Poker (Octopode Chaos Knight)          Turns: 2736, Time: 00:04:06

Health: -2/43      AC:  1    Str: 11    XL:     6   Next: 11%
Magic:  6/6        EV: 12    Int: 15    God:    Xom [.*....]
Gold:   150        SH:  3    Dex: 13    Spells: 0 memorised, 5 levels left

rFire  . . .     SeeInvis .     a - +0 spear (chaos)
rCold  . . .     Clarity  .     x - +0 buckler
rNeg   . . .     SustAt   .     (helmet restricted)
rPois  .         Gourm    .     (no amulet)
rElec  .         Spirit   .     (no ring)
rCorr  .         Warding  .     (no ring)
rMut   .         Stasis   .     (no ring)
MR     .....                    (no ring)
Stlth  +++.......               (no ring)
                                (no ring)
                                (no ring)
                                (no ring)

@: lethally poisoned (-2 -> -3), not resistant to hostile enchantments, fairly
stealthy
A: almost no armour, amphibious, 8 rings, constrict 8, camouflage 1, high mp 1,
gelatinous body 1
a: Renounce Religion


You were on level 4 of the Dungeon.
You worshipped Xom.
You were a plaything of Xom.
You were not hungry.

You visited 1 branch of the dungeon, and saw 4 of its levels.

You collected 150 gold pieces.

Inventory:

Hand Weapons
 a - a +0 spear of chaos (weapon)
 w - a +1 dagger of venom
Missiles
 o - 14 sling bullets
 p - 39 stones
 q - 15 javelins (quivered)
Armour
 x - a +0 buckler (worn)
Jewellery
 r - an uncursed amulet of rage {unknown}
 u - an uncursed ring of invisibility {unknown}
Wands
 y - a wand of teleportation (7)
Scrolls
 g - 2 scrolls of teleportation {unknown}
 i - 2 scrolls of identify {unknown}
 j - a scroll of random uselessness {unknown}
 n - a scroll of remove curse {unknown}
 t - a scroll of enchant weapon {unknown}
 v - a scroll of magic mapping {unknown}
Potions
 d - a potion of magic
 e - a potion of curing
 s - 3 potions of heal wounds
 z - a potion of haste
Comestibles
 b - 2 bread rations
 c - a beef jerky
 f - a royal jelly
 h - a slice of pizza
 l - 4 fruits
 m - 2 meat rations


   Skills:
 + Level 3.9 Fighting
 * Level 5.0 Polearms
 + Level 3.5 Dodging
 * Level 2.8 Stealth


You had 5 spell levels left.
You didn't know any spells.

Dungeon Overview and Level Annotations

Branches:
Dungeon (4/15)
 Temple: D:4-7

Altars:
Gozag

Shops:
D:4 =


Innate Abilities, Weirdness & Mutations

You cannot wear most types of armour.
You are amphibious.
You can wear up to eight rings at the same time.
You can use your tentacles to constrict eight enemies at once.
Your skin changes colour to match your surroundings (Stealth).
Your rubbery body absorbs attacks (AC +1).
You have an increased reservoir of magic (+10% MP).


Message History

You feel sick.
An ogre comes into view. It is wielding a giant club.
You feel sick.
An ogre is nearby!
An ogre is nearby!
An ogre is nearby!
You feel sick.
Evoke which item? (* to show all) (? for menu, Esc to quit)
Okay, then.
Drink which item? (? for menu, Esc to quit)
It was a potion of magic.
Magic courses through your body.
Xom roars with laughter!
Drink which item? (? for menu, Esc to quit)
It was a potion of beneficial mutation.
You feel more energetic.
You feel fantastic!
You feel sick. The ogre hits you but does no damage.
You hit the ogre but do no damage. The ogre hits you with a giant club!!
Ouch! That really hurt!
You die...
Xom laughs nastily!

##.......# #.......#
##.....## .. #....## #.
##.### #. ## #. ###..##
# ###.....## #
###.@O.....## #
##...........# ##
##............# ###.
##.............# ###...
#..............####...#.
##.............##...####
##..........#....### #
##............### #
###..........### #


You could see an ogre.

Vanquished Creatures
  An orc wizard (D:3)
  Ijyb (D:2)
  Terence (D:2)
  A worker ant (D:4)
  4 adders
  3 oozes
  A worm (D:2)
  3 giant geckos
  11 orcs
  4 ball pythons
  2 bats
  7 goblins
  4 hobgoblins
  2 jackals (D:1)
  5 giant cockroaches
  3 giant newts (D:3)
  6 kobolds
  A quokka (D:2)
  4 rats
64 creatures vanquished.

Vanquished Creatures (others)
  A hound (D:3)
1 creature vanquished.

Grand Total: 65 creatures vanquished

Notes
Turn   | Place    | Note
--------------------------------------------------------------
     0 | D:1      | M4edhros the Octopode Chaos Knight began the quest for the Orb.
     0 | D:1      | Reached XP level 1. HP: 16/16 MP: 1/1
    32 | D:1      | Reached XP level 2. HP: 14/21 MP: 2/2
   585 | D:1      | Reached XP level 3. HP: 26/26 MP: 3/3
   848 | D:2      | Noticed Ijyb
   861 | D:2      | Killed Ijyb
   861 | D:2      | Reached skill level 4 in Polearms
   861 | D:2      | Reached XP level 4. HP: 13/31 MP: 4/4
   971 | D:2      | XOM: divination: magic mapping
  1065 | D:2      | Noticed Terence
  1073 | D:2      | Killed Terence
  1326 | D:2      | Found an opulent altar of Gozag.
  1353 | D:2      | XOM: divination: detect creatures
  1568 | D:2      | XOM: divination: detect creatures
  1911 | D:3      | Reached XP level 5. HP: 36/36 MP: 5/5
  1968 | D:3      | Reached skill level 1 in Stealth
  2149 | D:3      | XOM: harmless Erth miscast
  2208 | D:3      | XOM: potion effect (agility)
  2217 | D:3      | XOM: chaos upgrade
  2312 | D:4      | Found Dihapt's Jewellery Emporium.
  2387 | D:3      | XOM: scenery: 2 doors close
  2400 | D:4      | XOM: enchant monster (bad)
  2629 | D:4      | Reached XP level 6. HP: 34/43 MP: 6/6
  2650 | D:4      | XOM: 3-stop teleportation journey
  2723 | D:4      | Reached skill level 5 in Polearms
  2728 | D:4      | Noticed an ogre
  2735 | D:4      | Gained mutation: You have an increased reservoir of magic (+10% MP). [potion of beneficial mutation]
  2736 | D:4      | Slain by an ogre

Action                   |  1- 3 |  4- 6 || total
-------------------------+-------+-------++-------
Melee: Spear             |    53 |   138 ||   191
  Use: Potion            |       |     7 ||     7
 Stab: Sleeping          |     4 |    10 ||    14
       Paralysed         |       |     2 ||     2
  Eat: Chunk             |       |     6 ||     6
